 Dungeon Crawl Stone Soup version 0.26.1-10-gdfb7c7de75 (webtiles) character file.

Game seed: 6261283393337245764

111 CrazyMind the Conjurer (level 4, 0/30 HPs)
             Began as a Mummy Conjurer on Apr 9, 2021.
             Slain by an orc warrior
             ... wielding a +0 dire flail
              (11 damage)
             ... on level 3 of the Dungeon.
             The game lasted 00:10:40 (3127 turns).

CrazyMind the Conjurer (Mummy Conjurer)             Turns: 3127, Time: 00:10:41

Health: 0/30       AC:  2    Str: 10    XL:     4   Next: 62%
Magic:  3/9        EV: 12    Int: 18    God:
Gold:   92         SH:  0    Dex: 10    Spells: 7/10 levels left

rFire    . . .     SeeInvis .   e - +0 dagger
rCold    + . .     Faith    .   (no shield)
rNeg     + + +     Spirit   .   a - +0 robe
rPois    ∞         Reflect  .   (no helmet)
rElec    .         Harm     .   (no cloak)
rCorr    .         Rampage  .   (no gloves)
Will     .....                  (no boots)
Stlth    ++........             (no amulet)
HPRegen  0.10/turn              m - ring of protection from fire
MPRegen  0.11/turn              (no ring)

@: no status effects
A: no potions, fire vulnerability, cold resistance 1, negative energy resistance
3, torment resistance, unbreathing
a: no special abilities


You were on level 3 of the Dungeon.
You visited 1 branch of the dungeon, and saw 3 of its levels.

You collected 92 gold pieces.

Inventory:

Hand Weapons
 d - a +0 short sword
 e - a +0 dagger (weapon)
Missiles
 c - 76 stones
 l - 4 boomerangs
 o - 22 arrows
Armour
 a - a +0 robe (worn)
 j - a +0 leather armour
Jewellery
 m - a ring of protection from fire (left hand)
Scrolls
 b - a scroll of remove curse {unknown}
 f - 3 scrolls of enchant weapon {unknown}
 g - 2 scrolls of identify {unknown}
 h - a scroll of magic mapping {unknown}
 i - a scroll of teleportation {unknown}
 k - a scroll of noise {unknown}
 n - a scroll of enchant armour {unknown}


   Skills:
 + Level 0.1 Fighting
 + Level 1.8 Dodging
 - Level 1.5 Stealth
 + Level 3.7 Spellcasting
 + Level 4.5 Conjurations


You had 7 spell levels left.
You knew the following spells:

 Your Spells              Type           Power        Failure   Level
a - Magic Dart            Conj           76%          2%          1
b - Searing Ray           Conj           38%          3%          2

Your spell library contained the following spells:

 Spells                   Type           Power        Failure   Level
 Dazzling Flash           Conj/Hex       22%          19%         3
 Fulminant Prism          Conj/Hex       5%           52%         4
 Iskenderun's Mystic Bla  Conj/Tloc      11%          52%         4


Dungeon Overview and Level Annotations

Branches:
Dungeon (3/15)

Altars:
Wu Jian


Innate Abilities, Weirdness & Mutations

You do not drink.
Your flesh is vulnerable to fire.
You are immune to poison.
Your flesh is cold resistant. (rC+)
You are immune to negative energy. (rN+++)
You are immune to unholy pain and torment.
You can survive without breathing.


Message History

The orc warrior is lightly wounded.
Casting: Magic Dart (safe; 2% risk of failure)
Confirm with . or Enter, or press ? or * to list all spells.
Aiming: Searing Ray (safe; 3% risk of failure)
Press: ? - help, Shift-Dir - straight line, f/p - orc warrior
Aim: an orc warrior, wielding a +0 dire flail and wearing a +0 chain mail (lightly wounded, 25% to evade)
The searing ray hits the orc warrior.
The orc warrior is moderately wounded. (Press . to maintain the ray.)
The searing ray hits the orc warrior!
The orc warrior is severely wounded.
The orc warrior hits you with a +0 dire flail!!
Ouch! That really hurt!
The searing ray hits the orc warrior.
The orc warrior is severely wounded.
The searing ray hits the orc!
The orc is almost dead.
An orc wizard comes into view. It is wielding a +0 dagger.
The orc warrior hits you with a +0 dire flail!
You die...

############.##..
##..........#.#...
##.............#...
#...............†..
#..............####
#........o.....###
#................##
#.............÷...#
##@oo.............#
##..........#....#
############.#...
#.#... ###.....
##...#...
#.......#.
..........
.......#..


You could see an orc warrior, an orc wizard (wandering) and an orc.

Vanquished Creatures
  3 adders
  3 worms
  A dart slug (D:2)
  3 leopard geckos
  5 giant cockroaches
  9 goblins
  5 hobgoblins
  9 jackals (D:2)
  A quokka (D:3)
  9 bats
  4 frilled lizards
  10 kobolds
  4 rats
66 creatures vanquished.

Notes
Turn   | Place    | Note
-------+----------+-------------------------------------------
     0 | D:1      | CrazyMind the Mummy Conjurer began the quest for the Orb.
     0 | D:1      | Reached XP level 1. HP: 13/13 MP: 4/4
   282 | D:1      | Reached XP level 2. HP: 19/19 MP: 1/5
   287 | D:1      | Learned a level 2 spell: Searing Ray
  1292 | D:2      | Reached XP level 3. HP: 24/24 MP: 5/7
  1324 | D:2      | Found an ornate altar of the Wu Jian Council.
  1343 | D:2      | Reached skill level 4 in Conjurations
  2266 | D:2      | Reached XP level 4. HP: 26/30 MP: 5/9
  3100 | D:3      | Noticed an orc warrior
  3127 | D:3      | Slain by an orc warrior

Illustrated notes

Levels and vault maps discovered:
D:1:      dpeg_arrival_ternary, layout_loops_corners, minmay_misc_feat_rows
D:2:      layout_basic, nzn_wu_jian_contemplation
D:3:      layout_rooms

Skill      XL: |  1  2  3 |
---------------+----------+-----
Spellcasting   | 3 |  3.7
Conjurations   | 4 |  4.5
Fighting       | |  0.1
Dodging        | |  1.8
Stealth        | |  1.5

Action                   |  1- 3 |  4- 6 || total
-------------------------+-------+-------++-------
Melee: Unarmed           |     4 |       ||     4
       Short sword       |     2 |       ||     2
       Dagger            |     3 |     5 ||     8
Throw: Stone             |     1 |       ||     1
 Cast: Magic Dart        |    69 |    47 ||   116
       Searing Ray       |     5 |     4 ||     9
Armor: Robe              |     3 |     1 ||     4
Dodge: Dodged            |    12 |     5 ||    17
